 Dungeon Crawl Stone Soup version 0.31-a0-229-g1fc7ce9 (webtiles) character file.

Game seed: 9390138199361780443

11 Dawnplanks the Gusty (level 2, -1/15 HPs)
             Began as a Tengu Air Elementalist on July 6, 2023.
             Succumbed to a kobold's poison
             ... on level 1 of the Dungeon.
             The game lasted 00:00:23 (329 turns).

Dawnplanks the Gusty (Tengu Air Elementalist)        Turns: 329, Time: 00:00:24

Health: -1/15      AC:  2    Str:  8    XL:     2   Next: 29%
Magic:  1/6        EV: 12    Int: 15    God:
Gold:   0          SH:  0    Dex: 14    Spells: 4/5 levels left

rFire   . . .        (no weapon)
rCold   . . .        (no shield)
rNeg    . . .        a - +0 robe
rPois   .            (helmet restricted)
rElec   .            (no cloak)
rCorr   .            (no gloves)
SInv    .            (boots unavailable)
Will    .....        (no amulet)
Stlth   ++           (no ring)
HPRegen 0.22/turn    (no ring)
MPRegen 0.10/turn

%: no passive effects
@: lethally poisoned (-1 -> -7)
A: beak, talons 3
a: no special abilities


You were on level 1 of the Dungeon.
You visited 1 branch of the dungeon, and saw 1 of its levels.

Inventory:

Armour
 a - a +0 robe (worn)
Scrolls
 c - a scroll of enchant armour {unknown}
 d - a scroll of enchant weapon {unknown}
Potions
 b - a potion of magic


   Skills:
 + Level 2.5 Dodging
 + Level 2.2 Stealth
 + Level 2.0 Spellcasting
 + Level 1.5 Conjurations
 + Level 4.4 Air Magic


You had 4 spell levels left.
You knew the following spells:

 Your Spells              Type           Power      Damage    Failure   Level
a - Shock                 Conj/Air       40%        1d5       7%          1

Your spell library contained the following spells:

 Spells                   Type           Power      Damage    Failure   Level
 Static Discharge         Conj/Air       20%        2-3/arc   10%         2
 Swiftness                Air            14%        N/A       11%         3
 Airstrike                Air            7%         2d(1-17)  36%         4


Dungeon Overview and Level Annotations

Branches:
Dungeon (1/15)

Altars:


Innate Abilities, Weirdness & Mutations

You have a beak for a mouth.
You have claws for feet.


Message History

A hobgoblin comes into view.
The zap hits the ball python.
The ball python is heavily wounded.
The hobgoblin shouts!
The zap hits the ball python.
You kill the ball python!
You are out of magic!
You are out of magic!
You are out of magic!
A hobgoblin is nearby!
A hobgoblin is nearby!
Unknown command.
Your magical contamination has completely faded away.
The zap hits the hobgoblin.
The hobgoblin is almost dead.
You closely miss the hobgoblin. You claw the hobgoblin.
You kill the hobgoblin!
A kobold comes into view. It is wielding a +0 dagger of venom.
The kobold shouts!
You see here a hobgoblin corpse.
A kobold is nearby!
You miss the kobold. Your kick misses the kobold.
You peck the kobold, but do no damage. The kobold closely misses you.
You barely miss the kobold. Your kick misses the kobold.
The kobold hits you with a +0 dagger of venom.
You are poisoned.
You closely miss the kobold. Your kick misses the kobold.
Your peck misses the kobold.
You feel very sick.
The kobold hits you with a +0 dagger of venom.
You are more poisoned.
You closely miss the kobold. You claw the kobold.
You kill the kobold!
You feel very sick.
* * * LOW HITPOINT WARNING * * *
You feel very sick.
Items here: $ ( ) †.
* * * LOW HITPOINT WARNING * * *
You feel sick.
You die...

#.##.#. . ..# #.#.#..
.### ..######..###.
... .........## ## ..#
#†#.#####.###. #.#
#.#.# ##.#.# ### #.#
#.#.# #...#
.....###.###.#.# #.###
#.)†.@..†.#.######...#
#####.###.#....>..†..#
#.###.#.########..
#.##....†########.
.#.....#.)........
........###'###....
#....##..#8...8#..##
....####.##.#.##.###
#... ..#8.#.8#..##


There were no monsters in sight!

Vanquished Creatures
  2 bats (D:1)
  An endoplasm (D:1)
  2 hobgoblins (D:1)
  2 ball pythons (D:1)
  3 kobolds (D:1)
  A rat (D:1)
11 creatures vanquished.

Notes
Turn   | Place    | Note
-------+----------+-------------------------------------------
     0 | D:1      | Dawnplanks the Tengu Air Elementalist began the quest for
                  | the Orb.
     0 | D:1      | Reached XP level 1. HP: 10/10 MP: 4/4
   233 | D:1      | Reached XP level 2. HP: 15/15 MP: 0/6
   329 | D:1      | Succumbed to a kobold's poison

Illustrated notes

Levels and vault maps discovered:
D:1:      heliophobic_arrival_ceremonial_halls, layout_loops_ring,
          shapermc_ecumenical_altar_petra

Action                     || total
---------------------------++-------
  Melee: Unarmed           ||     5
         Kick              ||     2
         Peck              ||     1
   Cast: Shock             ||    21
 Armour: Robe              ||     2
  Dodge: Dodged            ||     5

Table legend: (Time is in decaauts)
 A = Elapsed time spent in this place.
 B = Non-inter-level travel time spent in this place.
 C = Inter-level travel time spent in this place.
 D = Time resting spent in this place.
 E = Time spent auto-exploring this place.
 F = Levels seen in this place.
 G = Mean time per level.
                   A        B        C        D        E       F      G
               +--------+--------+--------+--------+--------+-----+--------+
         Total |    329 |    329 |      0 |      0 |    280 |   1 |  329.0 |
       Dungeon |    329 |    329 |      0 |      0 |    280 |   1 |  329.0 |
               +--------+--------+--------+--------+--------+-----+--------+

Top non-repeatable levels by time:
     D:1: 329 daAuts
